 Dungeon Crawl Stone Soup version 0.18.1-8-gdd0e5ea (webtiles) character file.

2349 GFox the Nimble (level 9, -9/78 HPs)
             Began as a Minotaur Monk on May 30, 2016.
             Mangled by an orc warrior
             ... wielding a +0 scimitar of distortion
              (16 damage)
             ... on level 6 of the Dungeon.
             The game lasted 00:47:08 (6853 turns).

GFox the Nimble (Minotaur Monk)                     Turns: 6853, Time: 00:47:12

Health: -9/78      AC: 12    Str: 18    XL:     9   Next: 20%
Magic:  8/8        EV: 19    Int:  5    God:
Gold:   117        SH:  9    Dex: 19    Spells: 0 memorised, 8 levels left

rFire  + . .     SeeInvis +     h - +0 mace (protect)
rCold  . . .     Gourm    .     a - +0 robe
rNeg   + . .     Faith    .     q - +3 buckler of Space {rN+ SInv}
rPois  +         Spirit   .     (helmet restricted)
rElec  .         Dismiss  .     m - +2 cloak
rCorr  .         Reflect  .     j - +1 pair of gloves {archery}
SustAt .         Harm     .     (no boots)
MR     .....                    (no amulet)
Stlth  ++........               g - ring of protection from fire
                                p - +5 ring of dexterity

@: about to teleport, not resistant to hostile enchantments, unstealthy
A: retaliatory headbutt, horns 2, deterioration 1, dopey 1, poison resistance
a: no special abilities


You were on level 6 of the Dungeon.
You were not hungry.

You visited 1 branch of the dungeon, and saw 6 of its levels.

You collected 364 gold pieces.
You spent 247 gold pieces at shops.

Inventory:

Hand Weapons
 h - a +0 mace of protection (weapon)
Armour
 a - a +0 robe (worn)
 d - a +1 large shield
 j - a +1 pair of gloves of archery (worn)
 m - a +2 cloak (worn)
 q - the +3 buckler of Space (worn) {rN+ SInv}
   (You bought it in a shop on level 5 of the Dungeon)

   It protects you from negative energy.
   It lets you see invisible.
Jewellery
 f - an uncursed ring of ice
 g - a ring of protection from fire (right hand)
 p - a +5 ring of dexterity (left hand)
Scrolls
 k - 3 scrolls of remove curse
 l - a scroll of fog
 o - 2 scrolls of teleportation
Potions
 c - a potion of lignification
Comestibles
 b - 3 bread rations
 n - 2 chunks of flesh


   Skills:
 + Level 6.7 Fighting
 + Level 1.4 Maces & Flails
 + Level 8.6 Dodging
 + Level 3.4 Stealth
 + Level 6.8 Shields
 + Level 7.3 Unarmed Combat


You had 8 spell levels left.
You didn't know any spells.

Dungeon Overview and Level Annotations

Branches:
Dungeon (6/15)
 Temple: D:4-7

Altars:
Kikubaaqudgha
Makhleb
Nemelex Xobeh
Pakellas
Zin

Shops:
D:5 [


Innate Abilities, Weirdness & Mutations

You reflexively headbutt those who attack you in melee.
You have a pair of horns on your head.
Your body sometimes deteriorates upon taking damage.
You are dopey. (Int -2)
Your system is resistant to poisons.


Message History

Drink which item? (? for menu, Esc to quit)
You feel much better. The wight completely misses you.
The orc warrior closely misses you.
You hit the wight but do no damage. Your headbutt misses the wight.
The wight is moderately damaged.
The wight misses you.
The orc warrior hits you with a scimitar of distortion!!
* * * LOW HITPOINT WARNING * * *
You feel strangely unstable.
Drink which item? (? for menu, Esc to quit)
You feel better. You block the wight's attack.
The orc warrior closely misses you.
You hit the orc warrior but do no damage.
You headbutt the orc warrior!
The orc warrior is moderately wounded.
The wight misses you. You furiously retaliate!
You headbutt the wight.
The orc warrior hits you with a scimitar of distortion!
* * * LOW HITPOINT WARNING * * *
Space warps horribly around you!
You die...

<.... .... ... ..## .. .?.
.. ####.### .# #......#
......#o##.# ..#..# #.#.#
#@# #.##. .....## #o#z###z#
..... .....>[
#....#..####..# ##......
#..........#.##.......
####.........###.........
......._..##.#.#.##.......
#.#####...........##........
#.# #..........##...#.....
#.# ##.....###.#.....#>###


You could see an orc warrior and a wight.

Vanquished Creatures
  The ghost of schammes the Skirmisher, a novice DsAK of Lugonu (D:4)
  Eustachio (D:6)
  Sigmund (D:2)
  A water moccasin (D:6)
  2 ogres
  A phantom (D:4)
  2 centaurs (D:6)
  A big kobold (D:4)
  3 scorpions
  2 wights (D:6)
  A giant frog zombie (D:5)
  A centaur zombie (D:5)
  A jelly (D:6)
  A hound (D:5)
  Crazy Yiuf (D:6)
  2 orc priests
  5 orc wizards
  An iguana (D:4)
  A giant frog skeleton (D:5)
  Ijyb (D:2)
  2 worker ants (D:4)
  A hound skeleton (D:5)
  7 adders
  10 gnolls (D:4)
  A shadow imp (D:5)
  An ooze (D:4)
  An adder zombie (D:5)
  A worm (D:2)
  4 dart slugs
  4 giant geckos
  9 orcs
  4 bats
  5 giant cockroaches
  28 goblins
  30 hobgoblins
  4 jackals (D:4)
  3 quokkas
  2 ball pythons
  3 giant newts
  11 kobolds
  7 rats
  A fungus (D:6)
169 creatures vanquished.

Notes
Turn   | Place    | Note
--------------------------------------------------------------
     0 | D:1      | GFox the Minotaur Monk began the quest for the Orb.
     0 | D:1      | Reached XP level 1. HP: 19/19 MP: 0/0
   173 | D:1      | Reached XP level 2. HP: 18/27 MP: 1/1
   848 | D:2      | Reached XP level 3. HP: 32/33 MP: 2/2
  1116 | D:2      | Noticed Sigmund
  1125 | D:2      | Killed Sigmund
  1125 | D:2      | Reached skill level 4 in Dodging
  1125 | D:2      | Reached skill level 1 in Shields
  1125 | D:2      | Reached skill level 5 in Unarmed Combat
  1125 | D:2      | Reached XP level 4. HP: 30/41 MP: 3/3
  1125 | D:2      | Reached XP level 5. HP: 35/47 MP: 4/4
  1250 | D:2      | Noticed Ijyb
  1258 | D:2      | Killed Ijyb
  1813 | D:3      | Found a glowing silver altar of Zin.
  1908 | D:3      | Reached XP level 6. HP: 35/53 MP: 5/5
  1910 | D:3      | Reached skill level 5 in Dodging
  2673 | D:4      | Found an ancient bone altar of Kikubaaqudgha.
  2749 | D:4      | Noticed schammes's ghost (novice DsAK)
  2776 | D:4      | Gained mutation: You are dopey. (Int -2) [potion of mutation]
  2776 | D:4      | Gained mutation: Your system is resistant to poisons. [potion of mutation]
  2776 | D:4      | Gained mutation: Your body sometimes deteriorates upon taking damage. [potion of mutation]
  2791 | D:4      | Killed schammes's ghost
  2791 | D:4      | Reached skill level 5 in Fighting
  2791 | D:4      | Reached skill level 6 in Dodging
  2791 | D:4      | Reached XP level 7. HP: 60/61 MP: 6/6
  3275 | D:4      | Reached skill level 5 in Shields
  3275 | D:4      | Reached XP level 8. HP: 63/69 MP: 7/7
  4250 | D:4      | Found a burning altar of Makhleb.
  4250 | D:4      | Noticed an Executioner
  4277 | D:4      | Reached skill level 7 in Dodging
  5242 | D:5      | Entered Level 5 of the Dungeon
  5778 | D:5      | Found Ole Lopn's Antique Armour Boutique.
  5781 | D:5      | Bought a slimy buckler for 247 gold pieces
  5781 | D:5      | Identified the +3 buckler of Space {rN+ SInv} (You bought it in a shop on level 5 of the Dungeon)
  5821 | D:5      | Found an oddly glowing altar of Pakellas.
  6157 | D:6      | Noticed Crazy Yiuf
  6157 | D:6      | Noticed Eustachio
  6170 | D:6      | Killed Crazy Yiuf
  6184 | D:6      | Killed Eustachio
  6184 | D:6      | Reached skill level 8 in Dodging
  6397 | D:6      | Reached XP level 9. HP: 34/78 MP: 8/8
  6807 | D:6      | Found a sparkling altar of Nemelex Xobeh.
  6832 | D:6      | Reached skill level 1 in Maces & Flails
  6853 | D:6      | Mangled by an orc warrior

Skill      XL: |  1  2  3  4  5  6  7  8  9 |
---------------+----------------------------+-----
Fighting       | 4 5 6 |  6.7
Dodging        | 4 6 8 |  8.6
Shields        | 1 2 4 5 6 |  6.8
Unarmed Combat | 5 6 7 |  7.3
Stealth        | 2 3 |  3.4
Maces & Flails | 1 |  1.4

Action                   |  1- 3 |  4- 6 |  7- 9 || total
-------------------------+-------+-------+-------++-------
Melee: Unarmed           |    76 |   133 |   253 ||   462
       Headbutt          |    15 |    24 |    76 ||   115
       Mace              |       |       |    85 ||    85
  Use: Scroll            |     1 |     2 |     5 ||     8
       Potion            |       |     4 |     2 ||     6
 Stab: Sleeping          |     2 |     4 |     3 ||     9
  Eat: Chunk             |     1 |     1 |     7 ||     9
       Bread ration      |       |     1 |     1 ||     2
       Meat ration       |       |       |     1 ||     1
Armor: Robe              |    13 |     7 |    38 ||    58
       Skin              |       |     6 |       ||     6
Dodge: Dodged            |    21 |    20 |   248 ||   289
Block: Large shield      |    30 |    87 |   243 ||   360
       Buckler           |       |       |    64 ||    64
